 Dungeon Crawl Stone Soup version 0.32-a0-673-g3729bd50f8 (webtiles) character file.

Game seed: 16006638785984519591

2733 whatisthis the Thaumaturge (level 9, -5/45 HPs)
             Began as a Deep Elf Hedge Wizard on Mar 10, 2024.
             Was a Follower of Sif Muna.
             Slain by an unseen horror (10 damage)
             ... on level 7 of the Dungeon.
             The game lasted 00:24:51 (8593 turns).

whatisthis the Thaumaturge (Deep Elf Hedge Wizard)  Turns: 8593, Time: 00:24:52

Health: -5/45      AC:  5    Str:  7    XL:     9   Next: 40%
Magic:  21/25      EV: 13    Int: 30    God:    Sif Muna [*.....]
Gold:   329        SH:  0    Dex: 20    Spells: 12/29 levels left

rFire   . . .        l - staff of conjuration
rCold   . . .        (no shield)
rNeg    . . .        p - +2 robe {Will+}
rPois   .            z - +0 hat {Stlth+}
rElec   .            F - +0 cloak
rCorr   .            (no gloves)
SInv    .            (no boots)
Will    +....        (no amulet)
Stlth   +++          f - +6 ring of dexterity
HPRegen 0.27/turn    o - +6 ring of intelligence
MPRegen 0.19/turn

%: no passive effects
@: unable to call your familiar
A: no striking features
a: Renounce Religion, Channel Magic


You were on level 7 of the Dungeon.
You worshipped Sif Muna.
Sif Muna was aware of your devotion.
You visited 2 branches of the dungeon, and saw 8 of its levels.

You collected 329 gold pieces.

Inventory:

Hand Weapons
 r - the +6 dagger of True Grit {flame, *Slow rPois rF+}
   (You found it on level 4 of the Dungeon)

   rF+:       It protects you from fire.
   rPois:     It protects you from poison.
   *Slow:     It may slow you when you take damage.
 s - the +7 dagger of Ascent {freeze, rC++ Str-2 SInv Stlth+}
   (You found it on level 4 of the Dungeon)

   Str-2:     It affects your strength (-2).
   rC++:      It greatly protects you from cold.
   SInv:      It lets you see invisible.
   Stlth+:    It makes you more stealthy.
Missiles
 n - 10 poisoned darts
Armour
 b - a +0 buckler
 p - a +2 robe of willpower (worn)
 z - a +0 hat of stealth (worn)
 F - a +0 cloak (worn)
Magical Staves
 l - a staff of conjuration (weapon)
Jewellery
 f - a +6 ring of dexterity (left hand)
 o - a +6 ring of intelligence (right hand)
 q - a +6 ring of strength
Wands
 k - a wand of polymorph (5)
 v - a wand of flame (24)
 E - a wand of paralysis (8)
Scrolls
 c - a scroll of silence
 e - 2 scrolls of identify
 g - a scroll of fear
 h - a scroll of revelation
 i - 4 scrolls of noise
 t - 2 scrolls of fog
 u - 2 scrolls of enchant armour
 x - a scroll of teleportation
 y - 2 scrolls of amnesia
 A - a scroll of blinking
 B - a scroll of enchant weapon
Potions
 a - a potion of berserk rage {unknown}
 d - a potion of magic
 j - a potion of curing
 m - a potion of mutation {unknown}
 w - a potion of haste {unknown}
 C - a potion of heal wounds
 D - a potion of might {unknown}


   Skills:
 - Level 2.4 Dodging
 - Level 2.4 Stealth
 + Level 10.9 Spellcasting
 + Level 8.2 Conjurations
 - Level 2.7 Summonings
 - Level 1.1 Translocations
 + Level 7.4 Air Magic


You had 12 spell levels left.
You knew the following spells:

 Your Spells              Type           Power      Damage    Failure   Level
a - Magic Dart            Conj           100%       1d8       1%          1
b - Blink                 Tloc           46%        N/A       3%          2
c - Call Imp              Summ           64%        N/A       1%          2
d - Slow                  Hex            64%        N/A       3%          1
e - Mephitic Cloud        Conj/Alch/Air  64%        N/A       1%          3
f - Call Canine Familiar  Summ           32%        N/A       3%          3
g - Freezing Cloud        Conj/Ice/Air   32%        6-21      11%         5

Your spell library contained the following spells:

 Spells                   Type           Power      Damage    Failure   Level
 Cigotuvi's Dreadful Rot  Necr/Alch/Air  62%        N/A       1%          2
 Mercury Vapours          Alch/Air       76%        N/A       1%          2
 Sigil of Binding         Hex            16%        N/A       10%         3
 Dimensional Bullseye     Hex/Tloc       9%         N/A       26%         4
 Malign Gateway           Summ/Tloc      13%        N/A       100%        7
 Summon Horrible Things   Summ           16%        N/A       100%        8


Dungeon Overview and Level Annotations

Branches:
Dungeon (7/15)             Temple (1/1) D:5

Altars:
Cheibriados
Dithmenos
Elyvilon
Gozag
Hepliaklqana
Kikubaaqudgha
Makhleb
Okawaru
Qazlal
Ru
Sif Muna
Trog
Uskayaw
Vehumet

Shops:
D:2 =

Portals:
Abyss: D:6

Annotations:
D:6 2 transporters, Esekla's ghost, weakling VSDe


Message History

Your inugami disappears in a puff of smoke!
Something hits you but does no damage. Something hits you!
Casting: Magic Dart (safe; 1% risk of failure)
Confirm with . or Enter, or press ? or * to list all spells.
You call for your canine familiar and it appears with a howl!
Something hits you but does no damage.
Unknown command.
Something hits you. Something hits you but does no damage. Something hits you!
Your inugami barely misses something.
Something hits you.
Your inugami hits something. Something hits you.
You hit something but do no damage. Something hits you.
Something hits your inugami but does no damage.
Something hits your inugami.
Your inugami closely misses something.
Something hits your inugami but does no damage. x3
Your inugami barely misses something.
Something barely misses your inugami. Something hits your inugami! x2
Your inugami dies!
Your inugami disappears in a puff of smoke!
Casting: Call Canine Familiar (dangerous; 3% risk of failure)
Confirm with . or Enter, or press ? or * to list all spells.
A tiny devil pulls itself out of the air.
Something barely misses you. Something hits your cerulean imp.
Something hits you!
* * * LOW HITPOINT WARNING * * *
Casting: Call Imp (safe; 1% risk of failure)
Confirm with . or Enter, or press ? or * to list all spells.
You blink.
Unknown command.
Unknown command.
Something hits you but does no damage.
Your cerulean imp hits something but does no damage.
Something hits you.
* * * LOW HITPOINT WARNING * * *
You feel ready to blink again. Something barely misses you. Something hits you.
* * * LOW HITPOINT WARNING * * *
Something hits you!
You die...

##.....## ###.##..#
##..###..###>..#...#
##..## #......###...#
#..## ##....### ##.##
##.#####.....# #.#
##..###.5###..# #.##
#.)###..## #..# #..# ##..#
#.#####..## ##..#
##...###@##.##...####....
#.....##....##..#ยง.......
#####..##.....#######....
##.##.##....# #.#..##
#.#....####.## ##..##
.#.....####.# ##..## #
............#..###..#####
......##.......##..#.#...
.............#.....##.....


You could see a friendly cerulean imp (summoned).

Vanquished Creatures
  Maurice (D:7)
  A hornet (D:7)
  Grinder (D:6)
  2 ogres (D:4)
  2 bullfrogs (D:6)
  3 scorpions
  2 hounds
  2 orc priests (D:5)
  3 bombardier beetles
  3 jellies
  2 sleepcaps
  Jessica (D:2)
  Terence (D:3)
  4 iguanas
  Natasha (twice) (D:3)
  6 orc wizards
  3 gnolls (D:3)
  13 adders
  A white imp (D:4)
  2 ufetubi (D:5)
  3 dart slugs
  2 ribbon worms
  8 orcs
  7 endoplasms
  5 giant cockroaches
  9 goblins
  6 hobgoblins
  6 kobolds
  4 quokkas
  3 ball pythons
  4 bats
  5 frilled lizards
  7 rats
124 creatures vanquished.

Vanquished Creatures (collateral kills)
  A sky beast (D:7)
  A centaur (D:7)
  A bullfrog (D:6)
  5 howler monkeys
  A jelly (D:7)
  Natasha (D:3)
  An iguana (D:7)
  3 white imps (D:7)
  A ribbon worm (D:4)
  3 orcs
  A hobgoblin (D:4)
  A ball python (D:2)
20 creatures vanquished.

Grand Total: 144 creatures vanquished

Notes
Turn   | Place    | Note
-------+----------+-------------------------------------------
     0 | D:1      | whatisthis the Deep Elf Hedge Wizard began the quest for
                  | the Orb.
     0 | D:1      | Reached XP level 1. HP: 10/10 MP: 7/7
   177 | D:1      | Reached XP level 2. HP: 13/15 MP: 3/9
   476 | D:1      | Learned a level 2 spell: Blink
   479 | D:1      | Learned a level 2 spell: Call Imp
   620 | D:1      | Reached skill level 5 in Spellcasting
   935 | D:1      | Reached XP level 3. HP: 19/19 MP: 5/11
  1321 | D:2      | Noticed Jessica
  1340 | D:2      | Killed Jessica
  1341 | D:2      | Reached XP level 4. HP: 24/24 MP: 6/13
  1543 | D:2      | Found Qadeefuo's Jewellery Boutique.
  1677 | D:2      | Noticed Sigmund
  1692 | D:2      | Sigmund changed into Sigmund the giant cockroach
  1692 | D:2      | Noticed Sigmund
  1694 | D:2      | Killed Sigmund the giant cockroach
  1857 | D:2      | Learned a level 1 spell: Slow
  1874 | D:3      | Noticed Terence
  1884 | D:3      | Killed Terence
  2036 | D:3      | Reached skill level 6 in Spellcasting
  2036 | D:3      | Reached XP level 5. HP: 28/28 MP: 8/15
  2373 | D:3      | Noticed Natasha
  2377 | D:3      | Killed Natasha
  2378 | D:3      | Reached skill level 1 in Air Magic
  2449 | D:3      | Noticed Natasha
  2459 | D:3      | Killed Natasha
  2517 | D:3      | Noticed Natasha
  2529 | D:3      | Killed Natasha
  2615 | D:3      | Reached XP level 6. HP: 32/32 MP: 12/17
  3274 | D:3      | Learned a level 3 spell: Mephitic Cloud
  3575 | D:4      | Identified the +6 dagger of True Grit {flame, *Slow rPois
                  | rF+}
  3707 | D:4      | Reached skill level 7 in Spellcasting
  3805 | D:4      | Identified the +5 trident "Zefitziu" {protect, rElec rCorr}
  3910 | D:4      | Reached XP level 7. HP: 36/36 MP: 12/19
  3961 | D:4      | Identified the +7 dagger of Ascent {freeze, rC++ Str-2 SInv
                  | Stlth+}
  4251 | D:4      | Reached skill level 5 in Conjurations
  4624 | D:4      | Found an ancient bone altar of Kikubaaqudgha.
  5061 | D:5      | Entered Level 5 of the Dungeon
  5081 | D:5      | Reached skill level 8 in Spellcasting
  5164 | D:5      | Found a staircase to the Ecumenical Temple.
  5182 | Temple   | Entered the Ecumenical Temple
  5207 | Temple   | Became a worshipper of Sif Muna the Loreminder
  5495 | D:5      | Found a hide-covered altar of Uskayaw.
  5804 | D:6      | Reached XP level 8. HP: 41/41 MP: 13/22
  6035 | D:6      | Reached skill level 5 in Air Magic
  6122 | D:6      | Found a transporter.
  6199 | D:6      | Found a transporter.
  6199 | D:6      | Found a one-way gate to the infinite horrors of the Abyss.
  6199 | D:6      | Noticed Esekla's ghost (weakling VSDe)
  6199 | D:6      | Noticed a purple ugly thing
  6452 | D:6      | Reached skill level 9 in Spellcasting
  6465 | D:6      | Noticed a toenail golem
  6769 | D:6      | Noticed Grinder
  6794 | D:6      | Killed Grinder
  7270 | D:6      | Learned a level 3 spell: Call Canine Familiar
  7276 | D:6      | Learned a level 5 spell: Freezing Cloud
  7497 | D:7      | Reached skill level 10 in Spellcasting
  7505 | D:7      | Reached * piety under Sif Muna
  7512 | D:7      | Noticed Maurice
  7552 | D:7      | Noticed a cyclops
  7723 | D:7      | Reached XP level 9. HP: 45/45 MP: 22/25
  8160 | D:7      | Killed Maurice
  8222 | D:7      | Paralysed by a hornet for 2 turns
  8225 | D:7      | Paralysed by a hornet for 1 turns
  8593 | D:7      | Slain by an unseen horror

Illustrated notes

Levels and vault maps discovered:
D:1:      amcnicky_arrival_double_pillar, layout_basic
D:2:      layout_rooms, serial_shops, nicolae_shop_behind_doors, uniq_sigmund,
          uniq_jessica
D:3:      layout_loops_corners, uniq_terence, uniq_natasha
D:4:      layout_loops_corners, mainiacjoe_overflow_alcove_2, serial_rivers,
          chequers_serial_rivers_micro_a, chequers_serial_rivers_micro_b,
          chequers_serial_rivers_small_b, chequers_serial_rivers_large_a,
          chequers_serial_rivers_micro_c, chequers_serial_rivers_large_b,
          nicolae_underground_beach
D:5:      layout_cave_pools, mainiacjoe_overflow_six_doors_small,
          minmay_temple_entry_statues
D:6:      layout_loops_cross, gammafunk_ghost_abyssal_escape, uniq_grinder
D:7:      layout_layer_cave, minmay_manual_mullet, uniq_maurice
Temple:   nicolae_temple_godzebo

Skill      XL: |  1  2  3  4  5  6  7  8  9 |
---------------+----------------------------+-----
Conjurations   | 2 3 4 5 7 8 |  8.2
Spellcasting   | 5 6 7 8 10 | 10.9
Summonings     | 2 |  2.7
Air Magic      | 1 3 4 6 7 |  7.4
Dodging        | |  2.4
Stealth        | |  2.4
Translocations | |  1.1

Action                     |  1- 3 |  4- 6 |  7- 9 || total
---------------------------+-------+-------+-------++-------
  Melee: Dagger            |    10 |       |     4 ||    14
         Staff             |       |       |     1 ||     1
   Cast: Magic Dart        |    72 |   117 |   208 ||   397
         Call Imp          |     4 |    12 |    40 ||    56
         Slow              |       |     3 |     6 ||     9
         Mephitic Cloud    |       |     1 |     5 ||     6
         Blink             |       |       |     5 ||     5
         Call Canine Famil |       |       |     9 ||     9
         Freezing Cloud    |       |       |     2 ||     2
  Evoke: Wand              |       |     1 |     7 ||     8
    Use: Potion            |       |     1 |     2 ||     3
         Scroll            |       |       |    10 ||    10
   Stab: Sleeping          |     2 |       |       ||     2
 Armour: Robe              |    18 |    20 |    85 ||   123
         Skin              |     5 |       |       ||     5
  Dodge: Dodged            |    20 |    17 |    58 ||    95

Table legend: (Time is in decaauts)
 A = Elapsed time spent in this place.
 B = Non-inter-level travel time spent in this place.
 C = Inter-level travel time spent in this place.
 D = Time resting spent in this place.
 E = Time spent auto-exploring this place.
 F = Levels seen in this place.
 G = Mean time per level.
                   A        B        C        D        E       F      G
               +--------+--------+--------+--------+--------+-----+--------+
         Total |   8669 |   8428 |    241 |   2153 |   4399 |   8 | 1083.6 |
       Dungeon |   8618 |   8425 |    193 |   2153 |   4399 |   7 | 1231.1 |
        Temple |     50 |      2 |     48 |      0 |      0 |   1 |   50.0 |
               +--------+--------+--------+--------+--------+-----+--------+

Top non-repeatable levels by time:
     D:4: 1762 daAuts
     D:6: 1590 daAuts
     D:3: 1492 daAuts
     D:7: 1173 daAuts
     D:1: 1078 daAuts
     D:2: 796 daAuts
     D:5: 724 daAuts
  Temple: 50 daAuts
